 Dungeon Sprint DCSS version 0.29.0-11-gd7f09526c8 (webtiles) character file.

Game seed: 1365376622314924205

108 Zeld the Chopper (level 4, -18/66 HPs)
             Began as a Minotaur Berserker on Sept 6, 2022.
             Was a Believer of Trog.
             Killed from afar by a deep elf pyromancer (35 damage)
             ... with a bolt of fire
             ... in the Dungeon (Sprint III: "The Ten Rune Challenge").
             The game lasted 00:00:58 (767 turns).

Zeld the Chopper (Minotaur Berserker)                Turns: 767, Time: 00:00:59

Health: -18/66     AC:  2    Str: 23    XL:     4   Next: 58%
Magic:  3/3        EV: 13    Int:  4    God:    Trog [**....]
Gold:   16         SH:  0    Dex: 10    Spells: 3/3 levels left

rFire   . . .      SeeInvis .   a - +0 hand axe
rCold   . . .      Faith    .   (no shield)
rNeg    . . .      Spirit   .   b - +0 animal skin
rPois   .          Reflect  .   (helmet restricted)
rElec   .          Harm     .   (no cloak)
rCorr   .          Rampage  .   (no gloves)
Will    .....      NoTele   +   (no boots)
Stlth   ..........              (no amulet)
HPRegen 0.21/turn               (no ring)
MPRegen 0.08/turn               (no ring)

@: berserking, very quick
A: horns 2, retaliatory headbutt
a: Renounce Religion, Berserk, Trog's Hand


You were in the Dungeon.
You worshipped Trog.
Trog was pleased with you.
You visited 1 branch You collected 16 gold pieces.

Inventory:

Hand Weapons
 a - a +0 hand axe (weapon)
Armour
 b - a +0 animal skin (worn)
Scrolls
 h - a scroll of blinking
 j - a scroll of immolation {unknown}
 k - 2 scrolls of identify
 m - a scroll of torment {unknown}
 n - a scroll of fear {unknown}
Potions
 c - a potion of curing
 d - a potion of heal wounds
 e - a potion of haste
 f - 2 potions of magic
 g - a potion of berserk rage
 i - 5 potions of mutation {unknown}
 l - 4 potions of flight


   Skills:
 + Level 6.0 Fighting
 * Level 7.8 Axes
 + Level 5.4 Armour
 + Level 4.9 Dodging


You had 3 spell levels left.
You didn't know any spells.
Your spell library was empty.

Dungeon Overview and Level Annotations

Branches:
Dungeon (1/1)

Altars:
Elyvilon
Zin
The Shining One


Innate Abilities, Weirdness & Mutations

You have a pair of horns on your head.
You reflexively headbutt those who attack you in melee.


Message History

You start resting.
You start resting.
HP restored.
You open the door.
Found 16 gold pieces and 2 glowing sapphire potions.
There is an open door here.
You now have 5 gold pieces.
You now have 16 gold pieces (gained 11).
i - 3 glowing sapphire potions (gained 1)
j - a scroll labelled LEG UMURUXTENEDD;
k - 2 scrolls of identify
i - 4 glowing sapphire potions (gained 1)
l - a potion of flight
i - 5 glowing sapphire potions (gained 1)
m - a scroll labelled BOGHIA JEOMECS;
n - a scroll labelled JOTHRO NIED
l - 2 potions of flight (gained 1);
l - 4 potions of flight (gained 2)
There is an open door here.
There is an open door to the Ecumenical Temple here.
You open the door.
Found three altars.
A deep elf pyromancer comes into view.
It is wielding a +2 long sword of holy wrath.
Found a potion of curing.
The deep elf pyromancer shouts!
There is an open door here.
A deep elf pyromancer is nearby!
A red film seems to cover your vision as you go berserk!
You feel yourself moving faster!
You feel mighty!
The deep elf pyromancer hits you with a +2 long sword of holy wrath!
You barely miss the deep elf pyromancer.
You punch the deep elf pyromancer.
The deep elf pyromancer is lightly wounded.
The deep elf pyromancer casts a spell at you.
The bolt of fire hits you!!!
Ouch! That really hurt!
* * * LOW HITPOINT WARNING * * *
You slash the deep elf pyromancer! You headbutt the deep elf pyromancer!!
The deep elf pyromancer is almost dead.
The deep elf pyromancer gestures at you while chanting.
The bolt of fire hits you!!
Ouch! That really hurt!
You die...

▓▓▓▓ ▓▓▓ )..####
##.#####
......#####..#___#
.......#..#..#!e.#
#.##...#..#..###@#+###+#
#.###..##'#..#..........
##.##..###...'.⌠........
..##.†####...#...######+
..##..###....#.⌠.#
.##...##.....#...#
##....#.)....#+###
##..##.#.....# #..
####....#


You could see a deep elf pyromancer.

Vanquished Creatures
  A water elemental (D)
  Crazy Yiuf (D)
  A human (D)
  4 rats (D)
7 creatures vanquished.

Notes
Turn   | Place    | Note
-------+----------+-------------------------------------------
     0 | D        | Zeld the Minotaur Berserker began the quest for the Orb.
     0 | D        | Reached XP level 1. HP: 19/19 MP: 0/0
    13 | D        | Reached skill level 4 in Axes
    32 | D        | Reached ** piety under Trog
    51 | D        | Noticed Crazy Yiuf
    54 | D        | Killed Crazy Yiuf
    55 | D        | Reached skill level 5 in Axes
    55 | D        | Reached XP level 2. HP: 16/28 MP: 1/1
    55 | D        | Reached XP level 3. HP: 19/35 MP: 2/2
    57 | D        | Reached skill level 5 in Fighting
    57 | D        | Reached skill level 6 in Axes
   610 | D        | Noticed a water elemental
   614 | D        | Killed a water elemental
   615 | D        | Reached skill level 7 in Axes
   615 | D        | Reached skill level 5 in Armour
   615 | D        | Reached XP level 4. HP: 37/44 MP: 3/3
   763 | D        | Found a glowing silver altar of Zin.
   763 | D        | Found a glowing golden altar of the Shining One.
   763 | D        | Found a white marble altar of Elyvilon.
   764 | D        | Noticed a deep elf pyromancer
   767 | D        | Killed from afar by a deep elf pyromancer

Illustrated notes

Levels and vault maps discovered:
D:        dungeon_sprint_mu [sprint_mu_entry_cave, sprint_mu_temple_rooms,
          sprint_mu_d1_horrors, sprint_mu_d2_genie, sprint_mu_d3_branching,
          sprint_mu_orc_legion, sprint_mu_elf_gauntlet, sprint_mu_hive_nellie,
          sprint_mu_lair_fedhas, sprint_mu_vaults_butterflies,
          sprint_mu_slime_circle, sprint_mu_shoals_kraken,
          sprint_mu_snake_twists, sprint_mu_blade_basic,
          sprint_mu_crypt_chambers, sprint_mu_tomb_spiral,
          sprint_mu_vestibule_basic, sprint_mu_gehenna_hellfire,
          sprint_mu_dis_giant, sprint_mu_tartarus_statrot,
          sprint_mu_cocytus_islands, sprint_mu_zot1]

Skill      XL: |  1  2  3 |
---------------+----------+-----
Axes           | 5 7 |  7.8
Fighting       | 4 6 |  6.0
Armour         | 4 5 |  5.4
Dodging        | 3 4 |  4.9

Action                   |  1- 3 |  4- 6 || total
-------------------------+-------+-------++-------
Melee: Hand axe          |    12 |     2 ||    14
       Headbutt          |     2 |     1 ||     3
       Punch             |       |     1 ||     1
Invok: Berserk           |     2 |     1 ||     3
Armor: Animal skin       |     2 |       ||     2
Dodge: Dodged            |     5 |       ||     5
